Map: Terraform LE (Void)

Players

Chris - Winner!

  • Race: Protoss Protoss
  • League: Diamond

猛男

  • Race: Zerg Zerg
  • League: Diamond

VOD

Have the link to the VOD?

Description

Time

  • Played on: Oct. 17, 2015, 2:36 a.m.
  • Length: 12:16
Show
View Real Time Build Order
Export as new Build Order

Chris Protoss - Winner!

Build Orders: 1 Gate Expand 

Get SALT Encoding   

  12  0:01  Probe (Chrono Boost)  
  13  0:12  Probe (Chrono Boost)  
  14  0:17  Pylon  
  14  0:22  Probe (Chrono Boost)  
  15  0:36  Probe (Chrono Boost)  
  15  0:39  Gateway  
  16  0:46  Probe (Chrono Boost)  
  18  0:57  Probe (Chrono Boost)  
  18  1:12  Nexus  
  18  1:16  Probe (Chrono Boost)  
  19  1:27  Probe (Chrono Boost), Assimilator  
  19  1:31  Assimilator  
  20  1:37  Probe (Chrono Boost)  
  21  1:48  Probe (Chrono Boost)  
  21  1:49  Pylon  
  22  1:58  Cybernetics Core, Probe (Chrono Boost)  
  23  2:07  Zealot  
  25  2:09  Probe (Chrono Boost)  
  26  2:19  Probe (Chrono Boost)  
  28  2:30  Probe (Chrono Boost)  
  28  2:35  Stalker  
  28  2:36  Warp Gate  
  30  2:40  Probe (Chrono Boost)  
  30  2:41  Mothership Core (Chrono Boost)  
  33  2:51  Probe (Chrono Boost)  
  34  2:58  Gateway  
  34  2:59  Probe (Chrono Boost), Gateway  
  34  3:01  Probe (Chrono Boost)  
  36  3:06  Sentry  
  36  3:09  Probe (Chrono Boost)  
  36  3:12  Probe (Chrono Boost)  
  40  3:20  Probe (Chrono Boost)  
  40  3:22  Probe (Chrono Boost)  
  40  3:26  Robotics Facility  
  42  3:30  Probe (Chrono Boost)  
  42  3:32  Sentry  
  42  3:33  Probe (Chrono Boost)  
  46  3:44  Gateway, Pylon  
  46  4:02  Probe x2 (Chrono Boost)  
  48  4:06  Nexus  
  48  4:12  Pylon  
  48  4:13  Probe x2 (Chrono Boost)  
  50  4:18  Assimilator  
  50  4:21  Assimilator  
  50  4:23  Probe x2 (Chrono Boost)  
  52  4:29  Observer (Chrono Boost)  
  53  4:32  Probe (Chrono Boost)  
  53  4:34  Probe (Chrono Boost)  
  53  4:36  Robotics Bay  
  55  4:42  Pylon  
  55  4:44  Probe (Chrono Boost)  
  56  4:46  Probe (Chrono Boost)  
  57  4:53  Forge  
  57  4:54  Probe (Chrono Boost)  
  57  4:56  Probe (Chrono Boost)  
  57  4:58  Observer (Chrono Boost)  
  60  5:04  Probe  
  61  5:08  Probe  
  61  5:11  Pylon  
  62  5:14  Adept x2  
  62  5:15  Stalker x2  
  62  5:16  Probe  
  62  5:17  Probe  
  62  5:20  Probe, Pylon  
  73  5:27  Probe  
  73  5:30  Probe  
  73  5:32  Probe  
  73  5:34  Protoss Ground Weapons Level 1  
  73  5:35  Disruptor (Chrono Boost)  
  79  5:37  Probe  
  79  5:40  Probe  
  81  5:44  Gateway, Probe  
  81  5:45  Gateway  
  81  5:46  Twilight Council  
  81  5:48  Probe  
  83  5:51  Probe  
  83  5:56  Probe  
  85  5:58  Probe  
  85  6:01  Stalker x2, Probe  
  85  6:02  Stalker  
  93  6:05  Assimilator  
  93  6:08  Probe  
  93  6:09  Probe, Disruptor (Chrono Boost)  
  93  6:10  Assimilator  
  98  6:12  Probe  
  98  6:17  Pylon  
  99  6:21  Probe  
  99  6:25  Gateway, Probe, Blink (Chrono Boost)  
  100  6:28  Gateway  
  101  6:38  Photon Cannon  
  101  6:39  Stalker  
  103  6:40  Stalker x2  
  107  6:59  Probe  
  108  7:03  Gateway  
  108  7:05  Pylon  
  108  7:07  Pylon  
  108  7:08  Gateway, Pylon  
  108  7:09  Pylon  
  108  7:17  Photon Cannon x2  
  108  7:20  Nexus  
  108  7:22  Pylon  
  108  7:23  Disruptor (Chrono Boost)  
  108  7:25  Stalker x3, Pylon  
  108  7:27  Dark Shrine  
  117  7:35  Zealot  
  119  7:39  Probe  
  120  7:51  Probe  
  120  7:56  Stargate  
  120  7:57  Disruptor (Chrono Boost)  
  124  7:59  Stalker x4, Stargate  
  124  8:00  Stalker, Protoss Ground Weapons Level 2  
  124  8:01  Stargate  
  134  8:13  Photon Cannon  
  134  8:14  Photon Cannon  
  134  8:17  Probe  
  135  8:28  Warp Prism (Chrono Boost)  
  135  8:31  Stalker x2, Templar Archives  
  135  8:32  Stalker x3  
  147  8:39  Pylon  
  147  8:40  Dark Templar  
  149  8:42  Dark Templar  
  149  8:47  Dark Templar  
  153  8:52  Dark Templar  
  155  8:55  Pylon  
  155  8:58  Assimilator  
  155  8:59  Probe, Disruptor (Chrono Boost)  
  155  9:01  Probe  
  155  9:02  Dark Templar  
  162  9:03  Assimilator  
  162  9:13  Probe  
  163  9:22  Dark Templar x2  
  163  9:23  Zealot x4  
  163  9:24  Zealot  
  175  9:26  Probe  
  175  9:30  Observer (Chrono Boost)  
  177  9:32  Probe  
  177  9:33  Probe  
  177  9:37  Zealot x2  
  177  9:38  Zealot  
  181  9:43  Probe, Photon Cannon  
  181  9:44  Photon Cannon  
  180  9:45  Photon Cannon  
  180  9:46  Charge (Chrono Boost)  
  180  9:49  Probe, Pylon  
  180  9:50  Probe, Observer  
  181  9:53  Pylon  
  181  9:55  Dark Templar  
  181  9:56  Dark Templar  
  185  10:04  Stalker, Probe  
  188  10:07  Probe  
  188  10:13  Probe  
  187  10:17  Probe  
  186  10:30  Probe  
  186  10:31  Probe x2  
  186  10:34  Disruptor (Chrono Boost)  
  192  10:40  Stalker x6  
  198  10:45  Zealot  
  198  10:47  Photon Cannon  
  198  10:49  Photon Cannon  
  200  10:57  Photon Cannon  
  200  11:07  Pylon  
  200  11:12  Pylon x3  
  200  11:15  Pylon  
  198  11:18  Pylon  
  198  11:25  Probe x2  
  190  11:26  Probe  
  189  11:39  Probe  
  190  11:45  Probe  
  185  11:58  Stalker x4  
  181  12:02  Stalker  
  181  12:03  Stalker x2  
  183  12:10  Nexus  
Show
View Real Time Build Order
Export as new Build Order

猛男 Zerg 

Build Orders: 3 Hatch before Pool, Lurkers 

Get SALT Encoding   

  12  0:01  Drone  
  13  0:11  Drone  
  14  0:17  Overlord  
  14  0:21  Extractor  
  13  0:23  Drone  
  15  0:35  Drone  
  15  0:36  Drone  
  17  0:44  Drone  
  18  0:56  Drone  
  19  1:01  Hatchery  
  18  1:06  Drone  
  19  1:19  Drone  
  20  1:30  Drone  
  21  1:39  Hatchery  
  20  1:41  Drone  
  20  1:46  Spawning Pool  
  20  1:50  Drone  
  21  2:00  Overlord  
  21  2:12  Drone  
  22  2:18  Drone  
  23  2:26  Drone x2  
  25  2:34  Queen x2  
  25  2:36  Drone, Zergling x2  
  31  2:44  Drone  
  32  2:52  Queen  
  32  2:53  Drone  
  32  2:58  Extractor  
  34  2:59  Extractor  
  34  3:01  Overlord  
  34  3:05  Drone x3  
  34  3:06  Drone  
  37  3:13  Queen  
  39  3:22  Overlord  
  39  3:23  Drone x2  
  41  3:34  Drone x2  
  42  3:37  Overlord x2  
  42  3:40  Queen  
  44  3:43  Spine Crawler  
  43  3:57  Metabolic Boost, Drone x4  
  43  3:58  Drone x3  
  43  3:59  Drone  
  43  4:00  Drone  
  43  4:02  Extractor  
  50  4:16  Overlord  
  50  4:17  Overlord  
  50  4:22  Overlord  
  50  4:25  Roach Warren  
  50  4:26  Zergling x16  
  57  4:42  Lair  
  57  4:44  Drone x3  
  60  4:58  Drone x4  
  64  5:00  Overlord  
  64  5:07  Pneumatized Carapace  
  64  5:08  Roach x8  
  80  5:15  Drone  
  80  5:16  Drone  
  80  5:21  Extractor  
  80  5:23  Hatchery  
  80  5:24  Drone  
  80  5:28  Drone  
  80  5:29  Drone x2  
  79  5:39  Ravager x4  
  79  5:40  Ravager  
  84  5:50  Drone x4  
  84  5:51  Drone  
  84  5:52  Overlord x3  
  89  5:59  Evolution Chamber  
  89  6:01  Evolution Chamber, Extractor  
  89  6:02  Drone x4, Extractor  
  89  6:03  Overlord  
  89  6:04  Overlord  
  89  6:25  Overlord  
  89  6:26  Zergling x4  
  89  6:27  Zerg Ground Armor Level 1, Zergling x2  
  89  6:28  Zerg Melee Weapons Level 1  
  89  6:31  Spire, Queen  
  93  6:35  Zergling x14  
  93  6:36  Zergling x18  
  109  6:41  Drone  
  110  6:56  Hatchery  
  110  7:00  Overlord  
  93  7:06  Roach x3  
  93  7:07  Hydralisk Den, Roach x2  
  102  7:09  Ravager x3  
  102  7:10  Drone x3  
  108  7:18  Drone x3  
  111  7:31  Lurker Den  
  111  7:47  Drone  
  111  7:48  Drone x13  
  111  7:49  Overlord x4  
  111  7:50  Overlord  
  125  7:52  Zerg Flyer Weapons Level 1, Hydralisk x2  
  125  7:55  Ravager x3  
  125  7:56  Ravager  
  133  7:59  Ravager  
  134  8:21  Hydralisk x2  
  134  8:24  Zerg Ground Armor Level 2, Zerg Melee Weapons Level 2  
  138  8:30  Infestation Pit  
  138  8:32  Drone x4  
  141  8:37  Drone x3, Spine Crawler x2, Extractor  
  141  8:38  Spine Crawler x2, Extractor  
  141  8:39  Spine Crawler, Hydralisk x4  
  145  8:53  Overseer x2  
  145  8:57  Overlord x2  
  145  9:03  Drone x3  
  145  9:07  Drone x4  
  152  9:19  Lurker  
  152  9:20  Lurker x6  
  152  9:21  Lurker  
  156  9:26  Overseer  
  156  9:28  Overseer x2  
  105  9:44  Drone  
  105  9:45  Drone x3  
  103  9:58  Spine Crawler  
  102  10:01  Spine Crawler  
  94  10:17  Zergling x6  
  94  10:18  Hydralisk x4  
  94  10:19  Zergling x2  
  94  10:20  Zergling x42  
  94  10:21  Zergling x14  
  127  10:27  Drone  
  102  10:45  Lurker x2  
  102  10:48  Lair  
  67  11:09  Zergling x2  
  67  11:10  Zergling x32  
  67  11:11  Zergling x6  
  61  11:21  Zergling x2  
  53  11:33  Drone  
  31  11:55  Zergling x2  
  31  11:56  Zergling x4  
Tags
 
Add a new tag
Caveats
  • Supply blocks, unpowered buildings, or Contaminate may cause inaccurate times.
  • Supply counts are checked every 10 seconds.